 Dungeon Crawl Stone Soup version 0.27.0-1-g7a089689b8 (webtiles) character file.

Game seed: 5588413123031893305

46925 Ozzies the Impaler (level 14, -1/136 HPs)
             Began as a Minotaur Fighter on Aug 7, 2021.
             Was the Champion of Qazlal.
             Succumbed to a hornet's poison
             ... while paralysed by a hornet
             ... on level 6 of the Lair of Beasts.
             The game lasted 00:35:07 (19474 turns).

Ozzies the Impaler (Minotaur Fighter)              Turns: 19474, Time: 00:35:07

Health: -1/136     AC: 17    Str: 33    XL:     14   Next: 6%
Magic:  18/18      EV:  2    Int:  5    God:    Qazlal [******]
Gold:   1065       SH:  0    Dex: 11    Spells: 13/13 levels left

rFire    + . .     SeeInvis .   k - +1 spear (venom)
rCold    + . .     Faith    .   c - +0 kite shield
rNeg     . . .     Spirit   .   R - +2 ring mail {Will+}
rPois    .         Reflect  .   x - +0 hat {Stlth+}
rElec    .         Harm     .   q - +1 cloak
rCorr    .         Rampage  .   (no gloves)
Will     ++...                  K - +0 pair of boots
Stlth    +.........             (no amulet)
HPRegen  0.32/turn              F - ring "Benegip" {rF+ Str+8}
MPRegen  0.16/turn              h - +4 ring of protection

@: paralysed, lethally poisoned (-1 -> -37), protected from cold, repel missiles
A: horns 2, retaliatory headbutt
a: Renounce Religion, Upheaval, Elemental Force, Disaster Area


You were on level 6 of the Lair of Beasts.
You worshipped Qazlal.
Qazlal was exalted by your worship.
You visited 2 branches of the dungeon, and saw 17 of its levels.

You collected 1065 gold pieces.

Inventory:

Hand Weapons
 a - a +0 trident
 k - a +1 spear of venom (weapon)
 N - a +4 trident
Missiles
 i - 10 silver javelins
 m - 6 datura-tipped darts
 o - a throwing net (quivered) {!f}
 p - 5 atropa-tipped darts
 y - 62 sling bullets
 G - 41 poisoned darts
 I - 16 curare-tipped darts
Armour
 c - a +0 kite shield (worn)
 l - a +0 tower shield
 q - a +1 cloak (worn)
 x - a +0 hat of stealth (worn)
 J - a +2 scale mail of fire resistance
 K - a +0 pair of boots (worn)
 R - a +2 ring mail of willpower (worn)
Jewellery
 f - a ring of protection from cold
 h - a +4 ring of protection (right hand)
 F - the ring "Benegip" (left hand) {rF+ Str+8}
   (You found it on level 6 of the Dungeon)

   [ring of protection from fire]

   Str:       It affects your strength (+8).
   rF:        It protects you from fire.
 H - a +6 ring of dexterity
 P - a ring of ice
 U - a ring of poison resistance
 W - a ring of resist corrosion
Wands
 d - a wand of paralysis (9)
 D - a wand of polymorph (12)
 E - a wand of iceblast (24)
 L - a wand of acid (18)
 M - a wand of mindburst (12)
Scrolls
 n - 2 scrolls of enchant weapon
 s - 3 scrolls of identify {@r1}
 w - 9 scrolls of teleportation {@r3 !r}
 z - 7 scrolls of enchant armour
 C - 2 scrolls of magic mapping {@r5 !r}
 O - 2 scrolls of blinking {@r4}
 Q - a scroll of vulnerability
 S - 2 scrolls of fear {!r}
 V - a scroll of immolation
Potions
 b - a potion of attraction {unknown}
 e - a potion of heal wounds {unknown}
 g - 9 potions of curing {@q1 !q}
 j - a potion of flight
 r - a potion of resistance
 t - 3 potions of mutation
 u - 9 potions of ambrosia
 v - 3 potions of berserk rage
 A - 2 potions of brilliance
 B - a potion of lignification {@q6}
 T - 2 potions of haste {@q4 !q}
 X - 2 potions of invisibility {unknown}
Miscellaneous
 Y - a phantom mirror


   Skills:
 * Level 15.7 Fighting
 * Level 15.7 Polearms
 + Level 9.7 Armour
 + Level 9.6 Dodging
 + Level 9.7 Shields
 + Level 7.7 Invocations


You had 13 spell levels left.
You didn't know any spells.
Your spell library contained the following spells:

 Spells                   Type           Power      Damage    Failure   Level
 Magic Dart               Conj           0%         1d3       80%         1
 Summon Small Mammal      Summ           0%         N/A       80%         1
 Corpse Rot               Necr/Air       N/A        N/A       91%         2
 Poisonous Vapours        Pois/Air       0%         N/A       91%         2
 Searing Ray              Conj           0%         3d3       91%         2
 Sublimation of Blood     Necr           0%         N/A       91%         2
 Call Canine Familiar     Summ           0%         N/A       99%         3
 Frozen Ramparts          Ice            0%         1d2       99%         3
 Inner Flame              Hex/Fire       0%         N/A       99%         3
 Summon Guardian Golem    Hex/Summ       0%         N/A       99%         3
 Cause Fear               Hex            0%         N/A       100%        4
 Fulminant Prism          Conj/Hex       0%         3d6       100%        4
 Hailstorm                Conj/Ice       0%         3d3       100%        4
 Ice Form                 Ice/Tmut       0%         N/A       100%        4
 Leda's Liquefaction      Hex/Erth       0%         N/A       100%        4
 Petrify                  Tmut/Erth      0%         N/A       100%        4
 Summon Ice Beast         Ice/Summ       0%         N/A       100%        4
 Bolt of Magma            Conj/Fire/Erth 0%         4d4       100%        5
 Freezing Cloud           Conj/Ice/Air   0%         6-21      100%        5
 Irradiate                Conj/Tmut      0%         3d13      100%        5
 Simulacrum               Ice/Necr       0%         N/A       100%        6
 Statue Form              Tmut/Erth      0%         N/A       100%        6
 Discord                  Hex            0%         N/A       100%        8


Dungeon Overview and Level Annotations

Branches:
Dungeon (11/15)            Temple (0/1) D:7            Lair (6/6) D:9
 Shoals (0/4) Lair:4       Spider (0/4) Lair:4        Slime (0/5) Lair:5
    Orc (0/2) D:10

Altars:
Ashenzari
Dithmenos
Elyvilon
Fedhas
Gozag
Makhleb
Okawaru
Qazlal
Uskayaw
Vehumet
Wu Jian
Zin
The Shining One
Jiyva

Shops:
D:1 *   D:6 :

Annotations:
D:3 3 runed translucent doors, inmateoo's ghost, amateur MfNe
D:5 exclusion: downstairs
D:9 exclusion: downstairs
Lair:2 exclusion: downstairs


Innate Abilities, Weirdness & Mutations

You have a pair of horns on your head.
You reflexively headbutt those who attack you in melee.


Message History

You barely miss the wyvern.
The wyvern is heavily wounded.
The wyvern is engulfed in freezing vapours.
The wyvern barely misses you. You block the hornet's attack.
You block the cane toad's attack.
You closely miss the wyvern. Your headbutt misses the wyvern.
The wyvern is severely wounded.
A rime drake comes into view.
The wyvern is engulfed in freezing vapours.
You block the wyvern's attack. The hornet stings you!
You are poisoned.
You feel yourself slow down. The cane toad stings you!
You hit the wyvern.
You headbutt the wyvern, but do no damage.
The wyvern is almost dead.
You feel very sick.
The wyvern is engulfed in blazing flames.
The wyvern is engulfed in freezing vapours.
You kill the wyvern!
Qazlal accepts your kill. The hornet stings you.
You feel as though you will be slow longer.
You block the wyvern's attack. You block the cane toad's attack.
You hit the wyvern but do no damage.
The wyvern is poisoned.
You headbutt the wyvern.
The wyvern is moderately wounded.
You feel sick. You block the hornet's attack. The wyvern closely misses you.
The rime drake breathes ice at you. You block the flash freeze.
The cane toad stings you but does no damage.
You block the hornet's attack.
You closely miss the wyvern.
The wyvern is moderately wounded.
You feel sick. You block the wyvern's attack. The hornet misses you.
The cane toad stings you!
You are more poisoned.
The cane toad poisons you!
The wyvern is engulfed in freezing vapours.
You block the wyvern's attack.
You closely miss the wyvern.
The wyvern is heavily wounded.
You feel very sick. You block the wyvern's attack.
You block the hornet's attack.
The wyvern is engulfed in freezing vapours.
The wyvern barely misses you.
The rime drake is engulfed in blazing flames.
You block the cane toad's attack. The wyvern barely misses you.
You furiously retaliate!
You headbutt the wyvern! You hit the wyvern but do no damage.
The wyvern is poisoned.
The wyvern is severely wounded.
You feel yourself speed up.
You feel very sick. The hornet closely misses you.
The wyvern is engulfed in freezing vapours.
You kill the wyvern!
Qazlal accepts your kill. You block the cane toad's attack.
You block the wyvern's attack. The cane toad barely misses you.
The rime drake barely misses you.
The hornet stings you but does no damage.
You hit the wyvern but do no damage. Your headbutt misses the wyvern.
The wyvern is severely wounded.
You feel sick. The wyvern bites you.
You feel protected from physical attacks.
You block the cane toad's attack. The cane toad stings you.
The rime drake misses you.
The hornet stings you but does no damage.
You barely miss the wyvern.
The wyvern is severely wounded.
You feel sick. You block the wyvern's attack. You block the cane toad's attack.
You puncture the wyvern!
The wyvern looks as sick as possible!
You headbutt the wyvern.
You kill the wyvern!
Qazlal accepts your kill.
You feel sick. The hornet stings you!
You suddenly lose the ability to move!
The cane toad stings you!
You are more poisoned.
The cane toad poisons you! The rime drake breathes ice at you.
The flash freeze hits you!!
Your resistance to physical damage fades away.
You feel protected from cold.
* * * LOW HITPOINT WARNING * * *
You are encased in ice.
* * * LOW HITPOINT WARNING * * *
You feel extremely sick.
The hornet stings you but does no damage.
The cane toad is engulfed in freezing vapours.
The cane toad seems to slow down.
The cane toad stings you but does no damage. x2
The rime drake bites you but does no damage.
The hornet stings you!
* * * LOW HITPOINT WARNING * * *
You are more poisoned.
You feel yourself slow down.
The cane toad is engulfed in freezing vapours.
The cane toad stings you!
* * * LOW HITPOINT WARNING * * *
You feel yourself speed up. The ice encasing you melts away.
You die...

.......#.##P.......###
## #......#####.#....#
..##......###..###...#
..........#....P.#..###.
#......#...........##.
.##......#PPPP..##..#.##
.....☼..###.(........ #
.#...○.§y###.P...... .
...#.°k@†.........
..#...F○F.........
.........§........
.........!........
...............
....P..........
...............
.#.............


You could see 2 cane toads, a rime drake and a hornet.

Vanquished Creatures
  Gastronok (D:10)
  Snorg (D:10)
  Fannar (Lair:3)
  A hydra (D:11)
  Erica (Lair:2)
  A two-headed ogre (D:10)
  A death yak (Lair:3)
  Urug (D:11)
  An oklob plant (Lair:5)
  2 manticores (D:11)
  10 elephants
  6 black mambas
  Maurice (D:8)
  A torpor snail (Lair:3)
  A guardian serpent (D:11)
  10 cane toads
  A gargoyle (D:10)
  4 rime drakes
  9 komodo dragons
  A queen bee (Lair:3)
  Grinder (D:5)
  A troll (D:11)
  Prince Ribbit (D:6)
  10 dream sheep
  31 blink frogs
  A shadow (D:5)
  34 yaks
  2 basilisks
  A wraith (D:10)
  12 wyverns
  2 steam dragons
  Eustachio (D:5)
  Grum (D:10)
  Menkaure (D:6)
  An acid dragon (D:10)
  22 water moccasins
  2 orc warriors
  2 sky beasts
  A hornet zombie (D:8)
  2 ice beasts
  5 black bears
  2 necrophages
  3 ogres
  7 centaurs
  25 wolves
  3 kobold brigands
  A phantom (D:5)
  Blork the orc (D:5)
  10 bullfrogs
  2 scorpions
  A water moccasin zombie (D:5)
  24 killer bees (Lair:3)
  16 wights
  5 howler monkeys
  4 centaur zombies
  A centaur skeleton (D:5)
  2 hounds
  8 orc priests
  Crazy Yiuf (D:2)
  7 jellies
  4 iguanas
  7 orc wizards
  2 hell rats (D:7)
  A killer bee zombie (D:7)
  A howler monkey zombie (D:9)
  A howler monkey skeleton (D:6)
  3 gnolls (D:2)
  7 river rats (D:7)
  3 adders (D:5)
  2 shadow imps
  3 white imps
  An ufetubus (D:5)
  2 worms
  2 dart slugs
  60 orcs
  10 ball pythons
  15 endoplasms
  3 giant cockroaches (D:1)
  7 goblins
  11 hobgoblins
  4 jackals
  12 quokkas
  7 bats
  8 frilled lizards
  21 kobolds
  20 rats
  A bush (Lair:5)
530 creatures vanquished.

Vanquished Creatures (others)
  A centaur (Lair:4)
  A killer bee zombie (D:9)
  17 fungi
  27 plants
  7 toadstools (D:2)
53 creatures vanquished.

Grand Total: 583 creatures vanquished

Notes
Turn   | Place    | Note
-------+----------+-------------------------------------------
     0 | D:1      | Ozzies the Minotaur Fighter began the quest for the Orb.
     0 | D:1      | Reached XP level 1. HP: 19/19 MP: 0/0
   131 | D:1      | Reached XP level 2. HP: 16/27 MP: 1/1
   457 | D:1      | Reached XP level 3. HP: 33/33 MP: 2/2
   468 | D:1      | Found Xecs's General Store.
  1222 | D:2      | Reached skill level 5 in Fighting
  1324 | D:2      | Reached XP level 4. HP: 38/42 MP: 3/3
  1338 | D:2      | Reached XP level 5. HP: 25/51 MP: 4/4
  1650 | D:2      | Found a runed translucent door.
  1651 | D:2      | Noticed Crazy Yiuf
  1953 | D:2      | Killed Crazy Yiuf
  2196 | D:3      | Found a blossoming altar of Fedhas.
  2263 | D:3      | Noticed a necrophage
  2267 | D:3      | Killed a necrophage
  2268 | D:3      | Reached XP level 6. HP: 61/61 MP: 5/5
  2319 | D:3      | Found a white marble altar of Elyvilon.
  2350 | D:3      | Found a glowing silver altar of Zin.
  2501 | D:3      | Noticed inmateoo's ghost (amateur MfNe)
  2503 | D:3      | Found a runed translucent gate.
  2504 | D:3      | Found a runed translucent gate.
  2504 | D:3      | Found a runed translucent gate.
  2571 | D:3      | Found a faded altar of an unknown god.
  2696 | D:3      | Became a worshipper of Qazlal Stormbringer
  2696 | D:3      | Reached * piety under Qazlal
  2839 | D:4      | Found an opulent altar of Gozag.
  3193 | D:4      | Reached XP level 7. HP: 70/70 MP: 6/6
  3422 | D:4      | Reached skill level 1 in Dodging
  3422 | D:4      | Reached skill level 1 in Invocations
  4061 | D:5      | Entered Level 5 of the Dungeon
  4061 | D:5      | Noticed Grinder
  4061 | D:5      | Noticed a shadow
  4153 | D:5      | Paralysed by Grinder for 7 turns
  4166 | D:5      | Paralysed by Grinder for 6 turns
  4181 | D:5      | Killed Grinder
  4182 | D:5      | Reached XP level 8. HP: 50/79 MP: 8/8
  4343 | D:5      | Reached skill level 5 in Polearms
  4428 | D:5      | Reached skill level 10 in Fighting
  4428 | D:5      | Reached skill level 5 in Armour
  4428 | D:5      | Reached skill level 5 in Shields
  4649 | D:5      | Found an iron altar of Okawaru.
  4649 | D:5      | Noticed Eustachio
  4660 | D:5      | Killed Eustachio
  4660 | D:5      | Reached ** piety under Qazlal
  4758 | D:5      | Found a burning altar of Makhleb.
  4846 | D:5      | Noticed Blork the orc
  4858 | D:5      | Killed Blork the orc
  5185 | D:6      | Reached XP level 9. HP: 58/86 MP: 10/10
  5436 | D:6      | Noticed Prince Ribbit
  5453 | D:6      | Killed Prince Ribbit
  5475 | D:6      | Noticed Menkaure
  5486 | D:6      | Killed Menkaure
  5589 | D:6      | Identified the ring "Benegip" {rF+ Str+8}
  5875 | D:6      | Found Saalesoa's Book Emporium.
  6454 | D:7      | Reached *** piety under Qazlal
  6499 | D:7      | Reached skill level 5 in Dodging
  6880 | D:7      | Reached XP level 10. HP: 93/97 MP: 11/11
  6981 | D:7      | Reached **** piety under Qazlal
  7079 | D:7      | Found a staircase to the Ecumenical Temple.
  7134 | D:7      | Found an ornate altar of the Wu Jian Council.
  7446 | D:8      | Found a broken altar of Ashenzari.
  7642 | D:8      | Found a shadowy altar of Dithmenos.
  7956 | D:8      | Noticed Maurice
  7959 | D:8      | Paralysed by Maurice for 7 turns
  7980 | D:8      | Killed Maurice
  8181 | D:8      | Found a glowing golden altar of the Shining One.
  8181 | D:8      | Found a hide-covered altar of Uskayaw.
  8182 | D:8      | Found a radiant altar of Vehumet.
  8880 | D:9      | Found a staircase to the Lair.
  9396 | D:10     | Entered Level 10 of the Dungeon
  9396 | D:10     | Noticed Gastronok
  9405 | D:10     | Noticed a two-headed ogre
  9407 | D:10     | Killed Gastronok
  9408 | D:10     | Reached XP level 11. HP: 70/107 MP: 13/13
 10029 | D:10     | Found a staircase to the Orcish Mines.
 10075 | D:10     | Noticed Grum
 10098 | D:10     | Killed Grum
 10601 | D:10     | Killed a two-headed ogre
 10635 | D:10     | Reached skill level 5 in Invocations
 10737 | D:10     | Found a stormy altar of Qazlal.
 10783 | D:10     | Noticed Snorg
 10807 | D:10     | Killed Snorg
 11162 | D:10     | Reached ***** piety under Qazlal
 11505 | D:11     | Reached skill level 10 in Polearms
 11584 | D:11     | Noticed Urug
 11597 | D:11     | Killed Urug
 12244 | D:11     | Noticed a six-headed hydra
 12254 | D:11     | Noticed a two-headed ogre
 12260 | D:11     | Killed a six-headed hydra
 12359 | Lair:1   | Entered Level 1 of the Lair of Beasts
 12382 | Lair:1   | Reached XP level 12. HP: 74/117 MP: 15/15
 14249 | Lair:2   | Noticed Erica
 14466 | Lair:2   | Killed Erica
 14467 | Lair:2   | Reached skill level 15 in Fighting
 15312 | Lair:3   | Reached XP level 13. HP: 126/126 MP: 17/17
 15381 | Lair:3   | Noticed Fannar
 15396 | Lair:3   | Killed Fannar
 16604 | Lair:4   | Reached skill level 15 in Polearms
 16847 | Lair:4   | Reached ****** piety under Qazlal
 17229 | Lair:4   | Found a hole to the Spider Nest.
 17367 | Lair:4   | Found a staircase to the Shoals.
 17937 | Lair:5   | Found a viscous altar of Jiyva.
 17938 | Lair:5   | Found a staircase to the Slime Pits.
 18553 | Lair:6   | Entered Level 6 of the Lair of Beasts
 19233 | Lair:6   | Reached XP level 14. HP: 114/135 MP: 18/18
 19472 | Lair:6   | Paralysed by a hornet for 2 turns
 19473 | Lair:6   | HP: 6/136 [cane toad (12)]
 19474 | Lair:6   | Succumbed to a hornet's poison

Illustrated notes

Levels and vault maps discovered:
D:1:      dpeg_arrival_pits, layout_loops_ring, serial_shops, shop,
          minmay_small_reverse_x
D:2:      cheibrodos_fertilizer, layout_loops_ring, uniq_crazy_yiuf_cottage
D:3:      layout_loops_ring, mainiacjoe_overflow_six_doors_small,
          zin_scriptorium, general_overflow_altar, basic_ecumenical_altar,
          gammafunk_ghost_split
D:4:      layout_rooms, grunt_gozag_statues, serial_co_window_serial,
          co_window_paths_a, co_window_corner_a, co_window_cross_1,
          co_window_paths_b, co_window_of_opportunity_a, co_window_corner_a,
          co_window_of_opportunity_a, co_window_unsneaky_path_e,
          co_window_corner_b, co_window_broadway_a, co_window_cross_4,
          co_window_of_opportunity_b, glass_columns_a, glass_columns_a,
          glass_columns_a, glass_columns_a, glass_columns_a,
          minmay_misc_feat_rugged, item_on_display_a
D:5:      layout_rooms, old_standard_altar, okawaru_trees_1, uniq_eustachio,
          uniq_grinder, uniq_blork_the_orc
D:6:      layout_cave_pools, serial_shops, kennysheep_little_box, uniq_menkaure,
          uniq_prince_ribbit1
D:7:      lemuel_ratsnest, layout_loops_cross, nzn_wu_jian_contemplation,
          minmay_temple_entry_tees, minmay_fractal_squares_5
D:8:      layout_basic, nicolae_ashenzari_skybound, grunt_dithmenos_smoke,
          gammafunk_temple_overflow_claw, uniq_maurice
D:9:      layout_small_grid, lair_entry_dummy, hangedman_decor_growths
D:10:     layout_loops_ring, nicolae_qazlal_style_of_elements,
          hiddenorc2_lemuel, uniq_snorg, uniq_gastronok, uniq_grum
D:11:     layout_gridville, nrook_guardian_serpent_ordinary, uniq_urug
Lair:1:   layout_cellular_growth
Lair:2:   layout_hall_layers, minivault_23, uniq_erica
Lair:3:   layout_roguey [special_room_bee], special_room, uniq_fannar
Lair:4:   layout_small_grid, minmay_shoals_entry_centaurs,
          spider_nest_entry_web_field
Lair:5:   layout_gridlike, slime_altar_1, minmay_lair_oklob_bushes
Lair:6:   hangedman_lair_tendril_chambers, layout_regular_city,
          grunt_megastairs_3

Skill      XL: |  1  2  3  4  5  6  7  8  9 10 11 12 13 |
---------------+----------------------------------------+-----
Fighting       | 4 5 6 8 9 10 11 13 14 15 | 15.7
Shields        | 4 5 6 7 8 9 |  9.7
Armour         | 4 5 6 7 8 9 |  9.7
Polearms       | 3 4 6 8 9 10 13 15 | 15.7
Dodging        | 2 3 5 7 8 9 |  9.6
Invocations    | 1 3 4 5 7 |  7.7

Action                   |  1- 3 |  4- 6 |  7- 9 | 10-12 | 13-15 || total
-------------------------+-------+-------+-------+-------+-------++-------
Melee: Trident           |    91 |       |       |       |       ||    91
       Headbutt          |     9 |    19 |    71 |   182 |   150 ||   431
       Spear             |    55 |   108 |   383 |   831 |   557 ||  1934
Throw: Dart              |       |       |       |     3 |       ||     3
       Throwing net      |       |       |       |     2 |       ||     2
Invok: Elemental Force   |       |       |       |     1 |       ||     1
  Use: Scroll            |       |       |       |    23 |       ||    23
 Stab: Held in net/web   |       |       |       |     2 |       ||     2
Armor: Scale mail        |    49 |    30 |   122 |    41 |       ||   242
       Ring mail         |       |       |       |    84 |    99 ||   183
Dodge: Dodged            |    35 |    20 |    80 |   177 |   152 ||   464
       Repelled          |       |       |       |     4 |     2 ||     6
Block: Kite shield       |    72 |    37 |   186 |   471 |   458 ||  1224
